 Dungeon Crawl Stone Soup version 0.19.5 (webtiles) character file.

221 Azzok the Skirmisher (level 5, -2/36 HPs)
             Began as a Gargoyle Berserker on June 22, 2017.
             Was a Believer of Trog.
             Slain by a gnoll
             ... wielding a +0 spear
              (6 damage)
             ... on level 3 of the Dungeon.
             The game lasted 00:03:27 (2079 turns).

Azzok the Skirmisher (Gargoyle Berserker)           Turns: 2079, Time: 00:03:28

Health: -2/36      AC: 10    Str: 21    XL:     5   Next: 98%
Magic:  5/5        EV: 10    Int:  8    God:    Trog [**....]
Gold:   78         SH:  0    Dex:  9    Spells: 0 memorised, 4 levels left

rFire  . . .     SeeInvis .     a - +0 hand axe
rCold  . . .     Gourm    .     d - +0 scale mail (curse)
rNeg   + . .     Faith    .     (no shield)
rPois  ∞         Spirit   .     (no helmet)
rElec  +         Reflect  .     (no cloak)
rCorr  .         Harm     .     (no gloves)
MR     .....                    (no boots)
Stlth  ..........               (no amulet)
                                (no ring)
                                (no ring)

@: exhausted
A: negative energy resistance 1, electricity resistance, unbreathing,
petrification resistance, rot immunity, AC +4
a: Berserk, Trog's Hand, Burn Spellbooks, Renounce Religion


You were on level 3 of the Dungeon.
You worshipped Trog.
Trog was pleased with you.
You were not hungry.

You visited 1 branch of the dungeon, and saw 3 of its levels.

You collected 78 gold pieces.

Inventory:

Hand Weapons
 a - a +0 hand axe (weapon)
Armour
 d - a cursed +0 scale mail (worn)
Scrolls
 g - a scroll of magic mapping {unknown}
 j - 4 scrolls of identify {unknown}
 l - a scroll of remove curse {unknown}
 o - a scroll of recharging {unknown}
Potions
 e - 2 potions of haste {unknown}
 f - a potion of beneficial mutation {unknown}
 h - 2 potions of agility {unknown}
 i - 3 potions of might {unknown}
 m - a potion of flight {unknown}
Comestibles
 b - 4 chunks of flesh {@w0}
 c - 5 bread rations {@e1}
 k - a meat ration {@e2}
 n - 3 fruits


   Skills:
 + Level 5.6 Fighting
 + Level 4.3 Axes
 - Level 2.1 Armour
 - Level 1.5 Dodging


You had 4 spell levels left.
You didn't know any spells.

Dungeon Overview and Level Annotations

Branches:
Dungeon (3/15)

Altars:


Innate Abilities, Weirdness & Mutations

You are resistant to torment.
Your stone body is resilient. (AC +4)
You are immune to poison.
You resist negative energy. (rN+)
You are resistant to electric shocks. (rElec)
You can survive without breathing.
You are immune to petrification.
You are immune to rotting.


Message History

Trog accepts your kill.
You closely miss the gnoll. The gnoll hits you but does no damage.
The gnoll closely misses you. The gnoll hits you but does no damage.
The gnoll barely misses you.
You see here a gnoll corpse.
You hit the gnoll but do no damage. You hit the gnoll.
The gnoll hits you with a club.
* * * LOW HITPOINT WARNING * * *
The gnoll hits you with a spear.
* * * LOW HITPOINT WARNING * * *
You take 8 damage, and have 6/36 hp.
MASSIVE DAMAGE!!
You closely miss the gnoll. x2; The gnoll closely misses you.
The gnoll hits you but does no damage.
You closely miss the gnoll. You hit the gnoll. The gnoll hits you with a spear.
* * * LOW HITPOINT WARNING * * *
The gnoll hits you but does no damage.
You take 2 damage, and have 4/36 hp.
Okay, then.
The gnoll hits you from afar with a spear.
You die...

▒▒▒▒▒▒ ▒···· ▒··· ▒··▒ ▒
▒▒▒▒ ▒··▒ ▒·▒ ···▒
▒▒▒▒··▒ ··
▒▒·▒▒▒▒▒▒▒▒▒·····▒▒·▒
▒▒··············@†g·▒
·················g·····▒
▒▒▒▒▒▒▒▒▒·········▒·▒▒▒▒
▒·>····[····▒
▒·········▒·▒ ▒▒▒▒▒
▒▒·······▒▒··· ·····▒
▒·········▒ ▒▒· ·····▒
········▒▒▒ ······
▒▒·▒·▒▒▒·▒


You could see 2 gnolls.

Vanquished Creatures
  The ghost of Azzok the Archer, an amateur CeHu (D:3)
  2 adders
  A gnoll (D:3)
  2 dart slugs
  3 worms (D:2)
  2 leopard geckos
  2 orcs (D:3)
  4 goblins
  7 hobgoblins
  3 jackals (D:2)
  A quokka (D:3)
  11 bats
  4 frilled lizards
  5 kobolds
  4 rats
52 creatures vanquished.

Notes
Turn   | Place    | Note
-------+----------+-------------------------------------------
     0 | D:1      | Azzok the Gargoyle Berserker began the quest for the Orb.
     0 | D:1      | Reached XP level 1. HP: 14/14 MP: 1/1
   339 | D:1      | Reached XP level 2. HP: 18/20 MP: 2/2
   702 | D:1      | Reached skill level 4 in Fighting
   997 | D:2      | Reached XP level 3. HP: 24/24 MP: 3/3
  1030 | D:2      | Reached ** piety under Trog
  1700 | D:2      | Reached XP level 4. HP: 26/30 MP: 4/4
  2015 | D:3      | Noticed Azzok's ghost (amateur CeHu)
  2043 | D:3      | Killed Azzok's ghost
  2043 | D:3      | Reached skill level 5 in Fighting
  2043 | D:3      | Reached XP level 5. HP: 21/35 MP: 5/5
  2079 | D:3      | Slain by a gnoll

Skill      XL: |  1  2  3  4 |
---------------+-------------+-----
Axes           | 3 4 |  4.3
Fighting       | 4 5 |  5.6
Armour         | |  2.1
Dodging        | |  1.5

Action                   |  1- 3 |  4- 6 || total
-------------------------+-------+-------++-------
Melee: Hand axe          |   164 |    67 ||   231
Invok: Berserk           |       |     1 ||     1
       Trog's Hand       |       |     1 ||     1
  Eat: Chunk             |     3 |     2 ||     5
Armor: Scale mail        |   104 |    37 ||   141
Dodge: Dodged            |   119 |    48 ||   167
